 Dungeon Crawl Stone Soup version 0.30-a0-1043-g60ff8d5f49 (webtiles) character file.

Game seed: 14890193373551906831

135 Elsrick the Poker (level 4, -5/38 HPs)
             Began as a Minotaur Gladiator on Apr 11, 2023.
             Slain by a hornet (14 damage)
             ... on level 4 of the Dungeon.
             The game lasted 00:09:28 (1948 turns).

Elsrick the Poker (Minotaur Gladiator)              Turns: 1948, Time: 00:09:28

Health: -5/38      AC:  6    Str: 20    XL:     4   Next: 97%
Magic:  3/3        EV: 13    Int:  5    God:
Gold:   180        SH:  0    Dex: 12    Spells: 3/3 levels left

rFire   . . .      SeeInvis .    a - +3 trident
rCold   . . .      Faith    .    (no shield)
rNeg    . . .      Spirit   .    b - +0 leather armour
rPois   .          Reflect  .    c - +0 hat
rElec   .          Rampage  .    u - +1 cloak
rCorr   +                        s - +0 pair of gloves
Will    .....                    (no boots)
Stlth   +                        (no amulet)
HPRegen 0.26/turn                m - ring of resist corrosion
MPRegen 0.08/turn                (no ring)

@: lethally poisoned (-5 -> -11), slowed, very slow
A: horns 2, retaliatory headbutt
a: no special abilities


You were on level 4 of the Dungeon.
You visited 1 branch of the dungeon, and saw 4 of its levels.

You collected 200 gold pieces.
You spent 20 gold pieces at shops.

Inventory:

Hand Weapons
 a - a +3 trident (weapon)
Missiles
 d - 3 throwing nets (quivered)
 e - a javelin
Armour
 b - a +0 leather armour (worn)
 c - a +0 hat (worn)
 s - a +0 pair of gloves (worn)
 u - a +1 cloak (worn)
Jewellery
 g - a ring of wizardry
 m - a ring of resist corrosion (left hand)
 o - a ring of wizardry
Scrolls
 h - 2 scrolls of teleportation {unknown}
 j - 3 scrolls of identify
 k - a scroll of amnesia {unknown}
 n - a scroll of silence {unknown}
 p - 2 scrolls of vulnerability {unknown}
 r - a scroll of noise {unknown}
Potions
 f - a potion of resistance {unknown}
 i - 2 potions of berserk rage {unknown}
 l - a potion of might {unknown}
 q - a potion of heal wounds {unknown}
 t - a potion of cancellation {unknown}
 v - a potion of brilliance {unknown}


   Skills:
 + Level 3.2 Fighting
 + Level 5.2 Polearms
 + Level 2.1 Throwing
 + Level 2.1 Armour
 + Level 4.0 Dodging
 + Level 0.4 Stealth


You had 3 spell levels left.
You didn't know any spells.
Your spell library was empty.

Dungeon Overview and Level Annotations

Branches:
Dungeon (4/15)
 Temple: D:4-7

Altars:
Makhleb

Shops:
D:1 [(??:


Innate Abilities, Weirdness & Mutations

You have a pair of horns on your head.
You reflexively headbutt those who attack you in melee.


Message History

There is a stone staircase leading up here.
An adder comes into view.
The adder hisses angrily.
An adder is nearby!
You puncture the adder!
You kill the adder!
No target in view!
No target in view!
You see here an adder corpse.
Found a whip.
You see here a +0 whip.
You now have 168 gold pieces (gained 19).
You see here a +0 whip.
Found a stone staircase leading up.
You now have 180 gold pieces (gained 12).
A hornet comes into view.
The hornet buzzes angrily.
The hornet attacks as you move away! The hornet misses you.
You barely miss the hornet. The hornet barely misses you.
The hornet misses you.
You closely miss the hornet. The hornet stings you!
You feel yourself slow down.
You hit the hornet.
The hornet is lightly wounded.
The hornet stings you!
You are poisoned.
You feel as though you will be slow longer.
The hornet closely misses you.
The hornet stings you but does no damage.
You are too injured to fight recklessly!
You miss the hornet.
The hornet is lightly wounded.
* * * LOW HITPOINT WARNING * * *
You feel very sick. The hornet barely misses you. The hornet misses you.
You hit the hornet.
The hornet is lightly wounded.
You feel very sick. The hornet stings you!
You die...

#.......# #.......#
###.......#
#.........#
#.........#
######.......<.#
#..†........####
##.###.......######
##
.....#..........@.#
y.
####..#..########y#.#
...#.......##.......#
##.#)#####.##.###...#
#.#.....#.# ......#
#.......# # ###....#
######### ....# .#..#
....#


You could see a hornet.

Vanquished Creatures
  Jessica (D:2)
  3 adders
  A gnoll (D:1)
  An ufetubus (D:3)
  2 dart slugs
  An orc (D:3)
  7 ball pythons
  8 endoplasms
  5 giant cockroaches
  5 goblins
  A hobgoblin (D:1)
  3 quokkas
  6 bats
  5 frilled lizards
  7 kobolds
  7 rats
63 creatures vanquished.

Vanquished Creatures (others)
  16 plants (D:1)
16 creatures vanquished.

Grand Total: 79 creatures vanquished

Notes
Turn   | Place    | Note
-------+----------+-------------------------------------------
     0 | D:1      | Elsrick the Minotaur Gladiator began the quest for the Orb.
     0 | D:1      | Reached XP level 1. HP: 18/18 MP: 0/0
   115 | D:1      | Found Ciddach's Book Shoppe.
   119 | D:1      | Reached XP level 2. HP: 25/25 MP: 1/1
   127 | D:1      | Reached skill level 4 in Polearms
   380 | D:1      | Reached XP level 3. HP: 30/30 MP: 2/2
   429 | D:1      | Found Odghog's Magic Scroll Shoppe.
   441 | D:1      | Bought a scroll of identify for 20 gold pieces
   582 | D:1      | Found Sohuyll's Magic Scroll Shoppe.
   633 | D:1      | Found Dogamper's Armour Emporium.
   710 | D:1      | Found Layliovo's Weapon Boutique.
   893 | D:2      | You fall into a shaft and drop 1 floor!
   894 | D:3      | Found a burning altar of Makhleb.
  1034 | D:2      | Noticed Jessica
  1035 | D:2      | Killed Jessica
  1036 | D:2      | Reached skill level 1 in Armour
  1036 | D:2      | Reached XP level 4. HP: 37/37 MP: 3/3
  1670 | D:3      | Reached skill level 5 in Polearms
  1677 | D:3      | Identified the +3 leather armour "Ilom" {rElec}
  1790 | D:3      | Found a faded altar of an unknown god.
  1941 | D:4      | Noticed a hornet
  1948 | D:4      | Slain by a hornet

Illustrated notes

Levels and vault maps discovered:
D:1:      onia_arrival_pyramid, layout_basic, serial_shops, shop,
          nicolae_shop_bloodbath_and_beyond, shop_fountains,
          nicolae_shop_temple_entry_statues_fountains, nicolae_lakefront_shop,
          serial_bayou, serial_bayou_pond_e, serial_bayou_shore_a,
          serial_bayou_shore_b, serial_bayou_lagoon_b, serial_bayou_pond_e,
          moated_statue, minmay_misc_feat_roman
D:2:      layout_basic, ebering_dispersal_statue_hall, uniq_jessica
D:3:      layout_rooms, bloody_makhleb, hellmonk_ecumenical_altar_inner_sanctum,
          grunt_ministairs_7, kennysheep_generic_room_8
D:4:      layout_basic, uniq_duvessa, uniq_pikel

Skill      XL: |  1  2  3  4 |
---------------+-------------+-----
Polearms       | 4 5 |  5.2
Armour         | 1 2 |  2.1
Fighting       | 3 |  3.2
Dodging        | 4 |  4.0
Throwing       | |  2.1
Stealth        | |  0.4

Action                     |  1- 3 |  4- 6 || total
---------------------------+-------+-------++-------
  Melee: Trident           |    77 |    56 ||   133
         Headbutt          |     6 |     4 ||    10
         Punch             |       |     1 ||     1
    Use: Scroll            |     3 |     1 ||     4
   Stab: Distracted        |     1 |       ||     1
         Sleeping          |       |     2 ||     2
 Armour: Leather armour    |    14 |    13 ||    27
  Dodge: Dodged            |    40 |    29 ||    69

Table legend: (Time is in decaauts)
 A = Elapsed time spent in this place.
 B = Non-inter-level travel time spent in this place.
 C = Inter-level travel time spent in this place.
 D = Time resting spent in this place.
 E = Time spent auto-exploring this place.
 F = Levels seen in this place.
 G = Mean time per level.
                   A        B        C        D        E       F      G
               +--------+--------+--------+--------+--------+-----+--------+
         Total |   1998 |   1944 |     54 |     42 |   1402 |   4 |  499.5 |
       Dungeon |   1998 |   1944 |     54 |     42 |   1402 |   4 |  499.5 |
               +--------+--------+--------+--------+--------+-----+--------+

Top non-repeatable levels by time:
     D:1: 909 daAuts
     D:2: 572 daAuts
     D:3: 460 daAuts
     D:4: 55 daAuts
